 Dungeon Crawl Stone Soup version 0.30.1-9-gdf580d7c3d (webtiles) character file.

Game seed: 2428622857833430331

299 crompyre the Ruffian (level 6, -14/59 HPs)
             Began as a Troll Cinder Acolyte on Oct 23, 2023.
             Was a High Priest of Ignis.
             Demolished by Edmund
             ... wielding a +5 flail of venom
              (16 damage)
             ... on level 4 of the Dungeon.
             The game lasted 00:04:29 (2423 turns).

crompyre the Ruffian (Troll Cinder Acolyte)         Turns: 2423, Time: 00:04:29

Health: -14/59     AC:  4    Str: 23    XL:     6   Next: 13%
Magic:  6/6        EV:  9    Int: 10    God:    Ignis [*****.]
Gold:   111        SH:  0    Dex: 13    Spells: 7/7 levels left

rFire   + .          .
                       - Unarmed
rCold   . . .        (no shield)
rNeg    . . .        a - +0 robe
rPois   .            (helmet restricted)
rElec   .            (no cloak)
rCorr   +            (gloves unavailable)
SInv    .            (boots unavailable)
Will    .....        (no amulet)
Stlth   +            h - ring of resist corrosion
HPRegen 1.09/turn    u - +6 ring of dexterity
MPRegen 0.10/turn

%: no passive effects
@: lethally poisoned (-14 -> -15)
A: large, unfitting armour, claws 3, regeneration 1, shaggy fur 1, tough skin 1
a: Renounce Religion, Fiery Armour, Foxfire Swarm, Rising Flame


You were on level 4 of the Dungeon.
You worshipped Ignis.
Ignis was extremely pleased with you.
You visited 1 branch of the dungeon, and saw 4 of its levels.

You collected 111 gold pieces.

Inventory:

Missiles
 q - 5 curare-tipped darts (quivered)
Armour
 a - a +0 robe (worn)
Jewellery
 h - a ring of resist corrosion (left claw)
 u - a +6 ring of dexterity (right claw)
Wands
 s - a wand of flame (18)
Scrolls
 d - a scroll of amnesia {unknown}
 f - 3 scrolls of identify {unknown}
 g - a scroll of silence {unknown}
 i - 2 scrolls of immolation {unknown}
 k - a scroll of noise {unknown}
 l - a scroll of brand weapon {unknown}
 n - a scroll of vulnerability {unknown}
 r - a scroll of teleportation {unknown}
Potions
 b - a potion of heal wounds {unknown}
 e - a potion of brilliance {unknown}
 j - a potion of lignification {unknown}
 m - a potion of attraction {unknown}
 o - a potion of might {unknown}
 p - a potion of degeneration {unknown}
 t - a potion of haste {unknown}


   Skills:
 - Level 2.4 Fighting
 + Level 6.9 Unarmed Combat
 - Level 1.0 Spellcasting
 - Level 2.1 Fire Magic


You had 7 spell levels left.
You didn't know any spells.
Your spell library contained the following spells:

 Spells                   Type           Power      Damage    Failure   Level
 Scorch                   Fire           8%         2d5       22%         2
 Apportation              Tloc           0%         N/A       34%         1
 Necrotise                Necr           0%         1d4       34%         1
 Summon Small Mammal      Summ           0%         N/A       34%         1
 Inner Flame              Hex/Fire       2%         N/A       54%         3
 Yara's Violent Unravell  Hex/Tmut       0%         3d3       100%        5
 Enfeeble                 Hex            0%         N/A       100%        7


Dungeon Overview and Level Annotations

Branches:
Dungeon (4/15) Zot: 21607
 Temple: D:4-7

Altars:

Annotations:
D:4 Edmund


Innate Abilities, Weirdness & Mutations

You are too large for most types of armour.
You have claws for hands.
Your natural rate of healing is unusually fast.
You are covered in fur. (AC +1)
You have tough skin. (AC +1)


Message History

You scratch Edmund.
Edmund is moderately wounded.
You feel sick.
Edmund hits you with a +5 flail of venom!
* * * LOW HITPOINT WARNING * * *
You are lethally poisoned!
The grasping roots constrict you.
* * * LOW HITPOINT WARNING * * *
It was a potion of curing.
You feel better.
Edmund hits you with a +5 flail of venom!
* * * LOW HITPOINT WARNING * * *
You are lethally poisoned!
The grasping roots constrict you.
* * * LOW HITPOINT WARNING * * *
You feel better.
Edmund hits you with a +5 flail of venom!
* * * LOW HITPOINT WARNING * * *
You are poisoned.
The grasping roots constrict you.
* * * LOW HITPOINT WARNING * * *
The grasping roots release their grip on you.
You feel better.
Edmund hits you with a +5 flail of venom.
* * * LOW HITPOINT WARNING * * *
You are poisoned.
You closely miss Edmund.
Edmund is moderately wounded.
You feel very sick.
You claw Edmund!
Edmund is heavily wounded.
You feel sick.
Edmund hits you with a +5 flail of venom.
* * * LOW HITPOINT WARNING * * *
Unknown command.
You scratch Edmund but do no damage.
Edmund is heavily wounded.
* * * LOW HITPOINT WARNING * * *
You feel sick.
Edmund hits you with a +5 flail of venom!
You die...

#. #..###.########
#. #..#...........
#.###..#......##...
#.#...........++...
#.#.####......##...
#.#.# #......#####
#.#'########### #
#......# # #.@....#
# #.@....# #
#......# # #.#+####
#. #. #. #.


You could see Edmund.

Vanquished Creatures
  An ogre (D:2)
  Natasha (thrice) (D:3)
  Robin (D:4)
  4 adders
  A dart slug (D:4)
  8 orcs (D:4)
  5 endoplasms (D:1)
  2 giant cockroaches
  12 goblins
  A hobgoblin (D:1)
  10 jackals
  11 kobolds
  4 quokkas
  5 ball pythons
  6 bats
  3 frilled lizards
  4 rats
81 creatures vanquished.

Notes
Turn   | Place    | Note
-------+----------+-------------------------------------------
     0 | D:1      | crompyre the Troll Cinder Acolyte began the quest for the
                  | Orb.
     0 | D:1      | Reached XP level 1. HP: 22/22 MP: 1/1
   140 | D:1      | Reached XP level 2. HP: 29/29 MP: 2/2
   351 | D:1      | Reached skill level 4 in Unarmed Combat
   530 | D:1      | Reached XP level 3. HP: 36/36 MP: 3/3
   717 | D:2      | Noticed an ogre
   723 | D:2      | Killed an ogre
   724 | D:2      | Reached skill level 5 in Unarmed Combat
   724 | D:2      | Reached XP level 4. HP: 44/44 MP: 4/4
  1286 | D:3      | Reached XP level 5. HP: 50/50 MP: 5/5
  1464 | D:3      | Found a faded altar of an unknown god.
  1480 | D:3      | Reached skill level 6 in Unarmed Combat
  1858 | D:3      | Noticed Natasha
  1864 | D:3      | Killed Natasha
  2075 | D:3      | Noticed Natasha
  2081 | D:3      | Killed Natasha
  2102 | D:3      | Noticed Natasha
  2107 | D:3      | Killed Natasha
  2147 | D:4      | Noticed Robin
  2160 | D:4      | Killed Robin
  2161 | D:4      | Reached XP level 6. HP: 59/59 MP: 6/6
  2411 | D:4      | Noticed Edmund
  2423 | D:4      | HP: 2/59 [poisoned by Edmund]
  2423 | D:4      | Demolished by Edmund

Illustrated notes

Levels and vault maps discovered:
D:1:      lightli_arrival_lavapool, layout_basic, serial_rivers,
          chequers_serial_rivers_micro_b, chequers_serial_rivers_micro_c,
          chequers_serial_rivers_micro_c, chequers_serial_rivers_small_a,
          chequers_serial_rivers_micro_d
D:2:      layout_basic, lexackson_kobold_supper
D:3:      layout_basic, shapermc_ecumenical_altar_totnotflames, nrook_uturn,
          uniq_natasha
D:4:      layout_basic, kennysheep_doodads, uniq_duvessa, uniq_edmund,
          uniq_robin, uniq_grinder

Skill      XL: |  1  2  3  4  5 |
---------------+----------------+-----
Unarmed Combat | 4 5 6 |  6.9
Fighting       | |  2.4
Spellcasting   | |  1.0
Fire Magic     | |  2.1

Action                     |  1- 3 |  4- 6 || total
---------------------------+-------+-------++-------
  Melee: Unarmed           |    79 |   215 ||   294
         Punch             |       |     7 ||     7
    Use: Potion            |       |     3 ||     3
 Armour: Robe              |    36 |    35 ||    71
  Dodge: Dodged            |    49 |    55 ||   104
